Match 41437802
Unlisted

Match 41437802
End
Selects Special Operations Battlegroup
Selects Special Operations Battlegroup
Selects M29 Weasel Recon Vehicle
M29 Weasel Recon Vehicle
Construct Barracks
Riflemen Squad
Riflemen Squad
Grenade Package
Selects Smoke Screen
Infantry Support Center
Riflemen Squad
Construct Medical Station
Construct Weapon Support Center
M3 Armored Personnel Carrier
M1918 Browning Automatic Rifles
Riflemen Squad
Demolitions Package
Selects P-47 Anti-Infantry Loiter
Selects UNKNOWN (2162291)
Construct Tank Depot
Smoke Screen
M18 Hellcat Tank Destroyer
Smoke Screen
Selects SSF Commando Squad
Selects Assault Operation
M4A1 Sherman Whizbang
Engineer Squad
P-47 Anti-Infantry Loiter
Munitions Surplus
Advanced Logistics
M18 Hellcat Tank Destroyer
P-47 Anti-Infantry Loiter
STALKER4732
SoyaLors
ezh
Devochkin
Dima
Goliath
Von Strachwitz
_StArK_
0
0

Comments sign in to comment!

No comments posted yet!